Map: [ESL] Hardwire

Players

Spirit - Winner!

  • Race: Terran Terran

Neeb

  • Race: Protoss Protoss

Event: IEM Katowice 2022

VOD

Have the link to the VOD?

Description

Time

  • Played on: Feb. 24, 2022, 8:29 a.m.
  • Length: 7:58

All games in this series

Show
View Real Time Build Order
Export as new Build Order

Spirit Terran - Winner!

Build Orders: 1/1/1 

Get SALT Encoding   

  12  0:00  SCV  
  13  0:12  SCV  
  14  0:17  Supply Depot  
  14  0:24  SCV  
  15  0:38  SCV  
  15  0:40  Barracks  
  16  0:45  Refinery  
  16  0:50  SCV  
  16  0:54  Refinery  
  17  1:02  SCV  
  18  1:14  SCV  
  18  1:17  Engineering Bay  
  19  1:27  Marine  
  19  1:29  Orbital Command  
  20  1:43  Factory  
  20  1:52  Barracks Reactor  
  20  1:55  SCV  
  20  1:58  Supply Depot  
  21  2:08  SCV  
  22  2:20  SCV  
  23  2:27  Starport  
  23  2:32  SCV  
  23  2:36  Widow Mine x2, Supply Depot  
  29  2:44  SCV  
  29  2:56  SCV  
  34  2:58  Widow Mine x2  
  34  3:02  Supply Depot  
  34  3:04  Medivac  
  36  3:07  Armory  
  38  3:20  Widow Mine  
  38  3:22  SCV  
  38  3:24  Widow Mine, Marine  
  38  3:27  Supply Depot  
  42  3:36  Medivac  
  46  3:41  Widow Mine  
  48  3:48  Widow Mine  
  48  3:57  Command Center  
  48  4:04  Supply Depot, SCV  
  49  4:14  Widow Mine  
  49  4:16  SCV  
  48  4:26  Widow Mine, Medivac  
  48  4:28  SCV  
  51  4:31  Barracks Tech Lab  
  51  4:35  Widow Mine  
  51  4:40  SCV  
  53  4:52  SCV  
  53  4:59  Barracks  
  49  5:00  Barracks  
  49  5:04  SCV  
  50  5:07  Viking, Marine x2  
  50  5:11  Cyclone  
  57  5:17  SCV  
  58  5:29  SCV  
  58  5:32  Marine  
  58  5:41  SCV  
  57  5:43  Siege Tank  
  57  5:47  Barracks Tech Lab, Orbital Command  
  56  5:53  SCV  
  56  5:54  Marine  
  55  5:59  Marine  
  55  6:05  SCV  
  55  6:08  Stimpack  
  54  6:12  SCV, Refinery  
  54  6:16  Bunker  
  54  6:17  SCV  
  57  6:19  Refinery  
  57  6:21  Starport Reactor  
  57  6:24  SCV  
  57  6:25  Supply Depot, Engineering Bay  
  55  6:27  Factory Reactor  
  55  6:29  SCV, Combat Shield  
  55  6:30  Marine x2  
  55  6:31  Marine  
  55  6:32  Marine  
  59  6:36  SCV  
  61  6:41  SCV  
  60  6:48  SCV, Marine x2  
  60  6:49  Marauder  
  60  6:51  Marauder  
  60  6:52  Missile Turret  
  60  6:53  SCV  
  68  6:54  Missile Turret  
  68  6:58  Medivac  
  68  7:00  SCV  
  71  7:06  Supply Depot, Marine  
  73  7:11  Marauder  
  73  7:13  Marine, Marauder  
  79  7:20  Supply Depot  
  77  7:23  Marine  
  66  7:31  Marine x2  
  66  7:34  SCV, Marine  
Show
View Real Time Build Order
Export as new Build Order

Neeb Protoss 

Build Orders: Oracle Opening, Phoenix Opening 

Get SALT Encoding   

  12  0:00  Probe  
  13  0:12  Probe  
  14  0:18  Pylon  
  14  0:24  Probe  
  15  0:36  Probe (Chrono Boost)  
  15  0:38  Gateway  
  16  0:46  Probe (Chrono Boost)  
  16  0:47  Assimilator  
  17  0:51  Probe (Chrono Boost)  
  18  1:03  Probe  
  19  1:15  Probe  
  20  1:23  Pylon  
  20  1:27  Probe  
  20  1:28  Cybernetics Core  
  21  1:39  Probe  
  22  1:55  Nexus  
  22  1:59  Probe  
  23  2:03  Adept (Chrono Boost)  
  25  2:11  Assimilator  
  25  2:13  Probe  
  26  2:23  Adept (Chrono Boost)  
  26  2:25  Probe  
  29  2:35  Stargate  
  29  2:37  Probe  
  29  2:41  Pylon  
  30  2:44  Warp Gate  
  30  2:49  Probe  
  31  2:59  Adept  
  31  3:02  Probe  
  34  3:10  Probe  
  35  3:14  Probe  
  35  3:15  Oracle (Chrono Boost)  
  39  3:22  Probe  
  39  3:26  Probe  
  41  3:34  Probe  
  41  3:38  Gateway, Probe  
  41  3:39  Gateway  
  43  3:43  Phoenix (Chrono Boost)  
  43  3:46  Probe  
  46  3:50  Probe  
  46  3:54  Pylon  
  47  3:58  Probe  
  47  4:00  Phoenix  
  47  4:02  Probe  
  51  4:10  Probe  
  47  4:19  Probe  
  47  4:22  Probe  
  47  4:25  Phoenix  
  47  4:31  Probe  
  50  4:34  Probe  
  51  4:43  Probe  
  42  4:47  Probe  
  44  4:55  Probe  
  44  4:56  Oracle (Chrono Boost)  
  44  4:59  Nexus  
  46  5:02  Pylon  
  46  5:03  Probe  
  47  5:15  Probe  
  47  5:18  Stalker  
  47  5:19  Stalker  
  47  5:20  Stalker  
  53  5:23  Probe  
  53  5:27  Probe  
  55  5:35  Probe  
  53  5:39  Probe  
  52  5:43  Stalker  
  52  5:47  Probe  
  51  5:51  Probe (Chrono Boost)  
  47  5:59  Probe (Chrono Boost)  
  47  6:03  Probe (Chrono Boost)  
  49  6:09  Probe (Chrono Boost)  
  49  6:10  Phoenix  
  49  6:11  Probe (Chrono Boost)  
  46  6:13  Probe (Chrono Boost)  
  46  6:14  Probe (Chrono Boost)  
  46  6:18  Probe  
  50  6:26  Adept x2  
  50  6:27  Adept  
  50  6:28  Probe  
  50  6:31  Probe  
  57  6:33  Probe  
  58  6:41  Probe (Chrono Boost)  
  58  6:46  Probe (Chrono Boost)  
  61  6:47  Probe (Chrono Boost)  
  61  6:51  Adept x3  
  61  6:53  Probe (Chrono Boost)  
  68  6:57  Probe x2 (Chrono Boost)  
  68  6:59  Probe (Chrono Boost)  
  71  7:02  Probe x2 (Chrono Boost)  
  71  7:07  Probe  
  74  7:09  Forge  
  74  7:13  Twilight Council, Probe  
  74  7:14  Probe  
  76  7:19  Probe  
  77  7:25  Probe  
  77  7:28  Probe  
  77  7:29  Stalker x2  
  74  7:35  Probe  
  66  7:37  Probe  
  66  7:41  Probe  
  66  7:42  Gateway  
  68  7:44  Gateway x2  

Tags
 
Add a new tag
Caveats
  • Supply blocks, unpowered buildings, or Contaminate may cause inaccurate times.
  • Supply counts are checked every 10 seconds.